[Event "ICC tourney 2666 (40 10)"]
[Site "Internet Chess Club"]
[Date "2021.09.11"]
[Round "2"]
[White "BERKSON, LEO:LeoBerkson"]
[Black "SHIJU, SHAUN:chessmaster721"]
[Result "0-1"]
[ICCResult "White checkmated"]
[WhiteElo "712"]
[BlackElo "1119"]
[Opening "Queen's pawn game"]
[ECO "D00"]
[NIC "QP.08"]
[Time "13:15:34"]
[TimeControl "2400+10"]

1. d4 d5 2. e3 Nf6 3. f4 Bg4 4. Nf3 e6 5. Bd3 Ne4 6. O-O Be7 7. Nbd2 Nxd2 8.
Bxd2 O-O 9. Qe1 Bxf3 10. Rxf3 Nc6 11. c3 f6 12. Bxh7+ Kxh7 13. Rh3+ Kg8 14.
Qh4 Kf7 15. Qh5+ g6 16. Qh7+ Ke8 17. Qxg6+ Kd7 18. f5 e5 19. b4 Rg8 20. Qh5
Rh8 21. Qf3 e4 22. Rxh8 exf3 23. Rxd8+ Rxd8 24. gxf3 Rg8+ 25. Kf2 Bd6 26. f4
Ne7 27. Rh1 Nxf5 28. Kf3 Nh4+ 29. Kf2 Rg2+ 30. Ke1 Nf3+ 31. Kf1 Rxd2 32. h4
Rd1+ 33. Kg2 Rxh1 34. Kxh1 Nxh4 35. Kg1 Nf5 36. Kf2 b6 37. Kf3 c5 38. b5
cxd4 39. cxd4 Bb4 40. e4 Nxd4+ 41. Ke3 Bc5 42. exd5 Nxb5+ 43. Ke4 Nc3+ 44.
Kf5 Nxd5 45. Ke4 Nc3+ 46. Kf5 Nxa2 47. Kxf6 b5 48. Ke5 Bd6+ 49. Kd4 b4 50.
Kc4 Ke6 51. Kb3 Nc1+ 52. Kc2 Ne2 53. f5+ Kxf5 54. Kb3 Nd4+ 55. Kc4 Ne6 56.
Kb3 Nc5+ 57. Kb2 b3 58. Ka1 Be5+ 59. Kb1 b2 60. Ka2 Na4 61. Ka3 b1=Q 62.
Kxa4 Bd6 63. Ka5 Qb4+ 64. Ka6 Qb6# {White checkmated} 0-1

[Event "ICC tourney 2666 (40 10)"]
[Site "Internet Chess Club"]
[Date "2021.09.11"]
[Round "2"]
[White "SINGH, JIYAN:mithu542"]
[Black "BAREKET, NIMROD:nb12"]
[Result "0-1"]
[ICCResult "White checkmated"]
[WhiteElo "525"]
[BlackElo "1250"]
[Opening "Giuoco Piano"]
[ECO "C54"]
[NIC "IG.02"]
[Time "13:15:37"]
[TimeControl "2400+10"]

1. e4 e5 2. Nf3 Nc6 3. Bc4 Bc5 4. c3 Nf6 5. d4 exd4 6. cxd4 Bb4+ 7. Nc3 Nxe4
8. O-O Bxc3 9. bxc3 O-O 10. Qc2 d5 11. Bb5 a6 12. Ba4 Bf5 13. Qb3 b5 14.
Bxb5 axb5 15. Qxb5 Qd7 16. Ne5 Nxe5 17. Qb3 Nc4 18. Re1 Qa4 19. Ba3 Qxb3 20.
axb3 Nxa3 21. Rac1 Nb5 22. Re3 Ra2 23. f3 Nexc3 24. Rexc3 Nxc3 25. Rxc3 Rc8
26. g4 Bg6 27. Re3 Rd2 28. Kf1 Rd3 29. Re5 Rxf3+ 30. Ke1 Rxb3 31. Rxd5 Rh3
32. Kf1 Rxh2 33. Kg1 Rc2 34. g5 Rd2 35. Kf1 c5 36. Ke1 Rxd4 37. Re5 Re4+ 38.
Rxe4 Bxe4 39. Kd2 c4 40. Kc3 Bd5 41. g6 hxg6 42. Kd2 Ra8 43. Kc3 Ra3+ 44.
Kd2 g5 45. Kc2 g4 46. Kd2 g3 47. Ke2 Rf3 48. Ke1 g2 49. Ke2 g1=Q 50. Kd2
Qg2+ 51. Ke1 Rf1# {White checkmated} 0-1

[Event "ICC tourney 2666 (40 10)"]
[Site "Internet Chess Club"]
[Date "2021.09.11"]
[Round "2"]
[White "ANGEL, BORYS:BArkadia"]
[Black "procopio, Patti:prostripe"]
[Result "1-0"]
[ICCResult "Black checkmated"]
[WhiteElo "1295"]
[BlackElo "1043"]
[Opening "King's pawn opening"]
[ECO "B07"]
[NIC "VO.17"]
[Time "13:15:40"]
[TimeControl "2400+10"]

1. e4 d6 2. d4 c6 3. c4 Nf6 4. Nc3 Qa5 5. Bd2 Qc7 6. Be2 Nbd7 7. Nf3 e5 8.
O-O exd4 9. Nxd4 Be7 10. Nf5 Ne5 11. Nxg7+ Kd8 12. Bf4 Rg8 13. Bxe5 Rxg7 14.
c5 Bh3 15. Bf3 Kd7 16. cxd6 Bxd6 17. Bxf6 Rg6 18. e5 Rag8 19. Ne4 Bxg2 20.
Bxg2 Rxg2+ 21. Kh1 Kc8 22. Nxd6+ Kb8 23. Qb3 c5 24. Qd5 Qd7 25. Rg1 Qh3 26.
Qxb7# {Black checkmated} 1-0

[Event "ICC tourney 2666 (40 10)"]
[Site "Internet Chess Club"]
[Date "2021.09.11"]
[Round "2"]
[White "PREM, MUTHU AVANEESH:muthuavaneesh"]
[Black "XU, JOEY:JoeyXu"]
[Result "0-1"]
[ICCResult "White checkmated"]
[WhiteElo "1077"]
[BlackElo "1300"]
[Opening "French: advance, Paulsen attack"]
[ECO "C02"]
[NIC "FR.03"]
[Time "13:15:36"]
[TimeControl "2400+10"]

1. e4 e6 2. d4 d5 3. e5 c5 4. c3 Nc6 5. Nf3 Qb6 6. Be2 Nge7 7. Na3 Nf5 8.
Nc2 Bd7 9. b3 Rc8 10. Bb2 Be7 11. h3 f6 12. exf6 gxf6 13. Qd2 Rg8 14. g4 Ng7
15. Qh6 Kd8 16. Qxh7 Kc7 17. Qd3 Ne8 18. Ba3 c4 19. bxc4 dxc4 20. Qxc4 Bxa3
21. Nxa3 Qb2 22. Nb5+ Kb8 23. Rd1 Ne5 24. Qa4 Nxf3+ 25. Kf1 Bxb5 26. Bxb5
Nd6 27. Bd7 Rxc3 28. Bxe6 Ne4 29. Qc2 Qxc2 30. Rd2 Qxd2 31. Rh2 Nxh2+ 32.
Kg1 Qxf2+ 33. Kh1 Ng3# {White checkmated} 0-1

[Event "ICC tourney 2666 (40 10)"]
[Site "Internet Chess Club"]
[Date "2021.09.11"]
[Round "2"]
[White "Goteti, Ishan:Aurex"]
[Black "ESEKHILE, KEZIAH:BXMSKez"]
[Result "1-0"]
[ICCResult "Black checkmated"]
[WhiteElo "834"]
[BlackElo "586"]
[Opening "Sicilian defense"]
[ECO "B30"]
[NIC "SI.31"]
[Time "13:15:37"]
[TimeControl "2400+10"]

1. e4 c5 2. Nf3 Nc6 3. Nc3 e5 4. Bb5 Nge7 5. O-O d6 6. Nd5 Bd7 7. d3 h6 8.
c4 a6 9. Ba4 Qb8 10. Qb3 Ng6 11. Qb6 Be7 12. Nc7+ Kf8 13. Nxa8 Qxa8 14. Qb3
Nf4 15. Be3 Ne6 16. Qd1 Qc8 17. Bc2 Ng5 18. Nxg5 hxg5 19. f3 Bh3 20. gxh3
Qxh3 21. Qe2 Nd8 22. Qg2 Qh7 23. Rfc1 Ne6 24. a3 g6 25. Ba4 Rg8 26. Bd7 Ng7
27. b4 Nh5 28. bxc5 dxc5 29. Bc8 f5 30. Bxb7 a5 31. Bd5 Rg7 32. Rab1 Bd6 33.
Qxg5 Be7 34. Rb8+ Bd8 35. Qxd8# {Black checkmated} 1-0

[Event "ICC tourney 2666 (40 10)"]
[Site "Internet Chess Club"]
[Date "2021.09.11"]
[Round "2"]
[White "SCHWARTZ, DOUGLAS S:Douglas1"]
[Black "HAO, RYAN:Ryan334"]
[Result "1-0"]
[ICCResult "Black checkmated"]
[WhiteElo "1315"]
[BlackElo "668"]
[Opening "Giuoco Piano"]
[ECO "C50"]
[NIC "IG.02"]
[Time "13:15:32"]
[TimeControl "2400+10"]

1. e4 e5 2. Nf3 Nc6 3. Bc4 Bc5 4. O-O Nf6 5. Nc3 O-O 6. d3 h6 7. h3 d6 8.
Be3 Bb6 9. Qd2 Be6 10. Bb3 Qd7 11. Nh4 d5 12. exd5 Bxd5 13. Nxd5 Nxd5 14.
Bxd5 Qxd5 15. Qe2 Bd4 16. c3 Bb6 17. Rfd1 Qd8 18. Qg4 Bxe3 19. fxe3 Qg5 20.
Qxg5 hxg5 21. Nf3 Rfe8 22. Nxg5 Rad8 23. d4 exd4 24. exd4 Re2 25. Rab1 f6
26. Nf3 Kf7 27. Kf1 Rde8 28. Ne5+ fxe5 29. Kxe2 exd4+ 30. Kd3 dxc3 31. Kxc3
Re3+ 32. Rd3 Rxd3+ 33. Kxd3 Nb4+ 34. Kc4 Nc2 35. g4 Ne3+ 36. Kd3 Ng2 37. Rc1
Nf4+ 38. Ke4 Nxh3 39. Rxc7+ Kf6 40. Rxb7 a5 41. Ra7 g6 42. Rxa5 Nf2+ 43. Kf3
Nd3 44. g5+ Kg7 45. Ra7+ Kf8 46. b3 Ne5+ 47. Ke4 Nf7 48. Kf4 Ke8 49. Rxf7
Kxf7 50. Ke5 Ke7 51. Kd5 Kd7 52. b4 Kc7 53. a4 Kb6 54. b5 Ka5 55. Kc6 Kxa4
56. b6 Kb4 57. b7 Kc4 58. b8=Q Kd4 59. Qd6+ Ke4 60. Qxg6+ Kf4 61. Kd5 Kg4
62. Ke4 Kh4 63. Kf3 Kh3 64. Qh6# {Black checkmated} 1-0

[Event "ICC tourney 2666 (40 10)"]
[Site "Internet Chess Club"]
[Date "2021.09.11"]
[Round "2"]
[White "PRAKASAN, NEDAS:Nedas15"]
[Black "CHOPRA, ADITTYA:AdittyaC"]
[Result "0-1"]
[ICCResult "White resigns"]
[WhiteElo "644"]
[BlackElo "1080"]
[Opening "Giuoco Piano: Greco's attack"]
[ECO "C54"]
[NIC "IG.02"]
[Time "13:15:33"]
[TimeControl "2400+10"]

1. e4 e5 2. Nf3 Nc6 3. Bc4 Bc5 4. c3 Nf6 5. d4 exd4 6. cxd4 Bb4+ 7. Nc3 Nxe4
8. O-O Nd6 9. Re1+ Ne7 10. Qb3 Nxc4 11. Qxc4 Bxc3 12. Qxc3 O-O 13. b3 d6 14.
Bb2 d5 15. Ba3 Re8 16. Qd3 Ng6 17. Red1 Bg4 18. Bc1 h6 19. Re1 Bxf3 20.
Rxe8+ Qxe8 21. Be3 Be4 22. Qe2 Nh4 23. Rc1 c6 24. Qg4 Nf5 25. Bf4 Nxd4 26.
Bxh6 g6 27. Qf4 Ne2+ 28. Kf1 Nxf4 29. Bxf4 Bd3+ 30. Kg1 Qe4 31. Bh6 Re8 32.
h3 Re5 33. Bd2 f6 34. f3 Qd4+ 35. Kh2 Qf2 36. f4 Qxd2 37. Rf1 Bxf1
{White resigns}
0-1

[Event "ICC tourney 2666 (40 10)"]
[Site "Internet Chess Club"]
[Date "2021.09.11"]
[Round "2"]
[White "WILSON, DARRYL J:Combo4U2"]
[Black "SANGAL LOPEZ, DEV:devsl"]
[Result "0-1"]
[ICCResult "White checkmated"]
[WhiteElo "1358"]
[BlackElo "714"]
[Opening "Giuoco Piano"]
[ECO "C50"]
[NIC "IG.02"]
[Time "13:16:27"]
[TimeControl "2400+10"]

1. e4 e5 2. Nf3 Nc6 3. Bc4 Bc5 4. O-O Nf6 5. d3 h6 6. c3 d6 7. Qc2 O-O 8. a3
Bg4 9. Nbd2 Nh5 10. g3 Bxf3 11. Nxf3 Qf6 12. Kg2 g5 13. Qe2 Rae8 14. b4 Bb6
15. Be3 Bxe3 16. fxe3 a6 17. Bd5 Qg6 18. d4 exd4 19. exd4 Kg7 20. Rae1 f5
21. Qd3 fxe4 22. Bxe4 Qf6 23. Nh4 Qd8 24. Nf5+ Kh8 25. Nxh6 Rxf1 26. Rxf1
Qe7 27. Rf7 Qxe4+ 28. Qxe4 Rxe4 29. Rxc7 Re7 30. Rc8+ Kh7 31. Nf5 Rd7 32. g4
Nf4+ 33. Kf3 Nd5 34. c4 Nb6 35. Re8 Nxc4 36. d5 N4e5+ 37. Kg3 Nd8 38. h4
gxh4+ 39. Kxh4 Ndf7 40. Kh5 Nf3 41. Re3 N7e5 42. g5 Nh2 43. Rg3 Nf1 44. g6+
Kg8 45. Nh6+ Kg7 46. Rg1 Ne3 47. Rg3 N5c4 48. Rf3 b5 49. Nf7 Nxd5 50. Kg5
Ne5 51. Nxe5 dxe5 52. Rh3 Nf6 53. Rf3 Rd6 54. Rf5 e4 55. Re5 Rd5 56. Kf5
Rxe5+ 57. Kxe5 e3 58. Kd6 e2 59. Kc6 e1=Q 60. Kb6 Qe6+ 61. Ka5 Nd5 62. a4
Qb6# {White checkmated} 0-1

[Event "ICC tourney 2666 (40 10)"]
[Site "Internet Chess Club"]
[Date "2021.09.11"]
[Round "2"]
[White "Goldblatt, Steven:SGOLD9367"]
[Black "LABELLE, MATTHEW NICHOLAS:LaBelleM"]
[Result "1-0"]
[ICCResult "Black checkmated"]
[WhiteElo "1363"]
[BlackElo "1126"]
[Opening "Nimzo-Indian defense"]
[ECO "E20"]
[NIC "NI.30"]
[Time "13:15:41"]
[TimeControl "2400+10"]

1. d4 Nf6 2. c4 e6 3. Nc3 Bb4 4. Bd2 O-O 5. Nf3 d5 6. e3 Nbd7 7. Bd3 Bxc3 8.
Bxc3 b6 9. O-O Bb7 10. cxd5 Nxd5 11. Bd2 Re8 12. Rc1 c5 13. Bb5 cxd4 14.
Nxd4 a6 15. Bc6 Bxc6 16. Nxc6 Qf6 17. Nd4 e5 18. Ne2 Rac8 19. Qb3 Ne7 20.
Bb4 Nf5 21. Nc3 Nh4 22. Ne4 Qg6 23. Ng3 Nc5 24. Qa3 Nd3 25. Rxc8 Rxc8 26.
Bc3 b5 27. Qe7 Nf5 28. Nxf5 Qxf5 29. Qa7 b4 30. Bd2 Nxb2 31. Bxb4 Qe6 32.
Qb7 Nd3 33. a3 Nxb4 34. Qxb4 h6 35. h3 Qc4 36. Qe7 Qc7 37. Qb4 a5 38. Qb5
Rb8 39. Qd5 Qe7 40. Qxa5 Qf8 41. Ra1 Ra8 42. Qxe5 Rxa3 43. Rxa3 Qxa3 44.
Qe8+ Qf8 45. Qxf8+ Kxf8 46. f4 Ke7 47. Kf2 Ke6 48. Kf3 f5 49. g4 g6 50. e4
fxe4+ 51. Kxe4 Kf6 52. h4 g5 53. hxg5+ hxg5 54. f5 Kf7 55. Ke5 Kg7 56. Ke6
Kf8 57. f6 Ke8 58. Kf5 Kf7 59. Kxg5 Kg8 60. Kf5 Kf7 61. g5 Kg8 62. g6 Kf8
63. Ke6 Ke8 64. g7 Kd8 65. g8=Q+ Kc7 66. Kd5 Kd7 67. Qe6+ Kc7 68. Qd6+ Kb7
69. Qc6+ Ka7 70. Qb5 Ka8 71. Kc6 Ka7 72. Qb7# {Black checkmated} 1-0

[Event "ICC tourney 2666 (40 10)"]
[Site "Internet Chess Club"]
[Date "2021.09.11"]
[Round "2"]
[White "GENG, KENNETH:kennethsf"]
[Black "Wei, Robert Fanjun:CaptureFunny"]
[Result "0-1"]
[ICCResult "White checkmated"]
[WhiteElo "1250"]
[BlackElo "854"]
[Opening "English opening"]
[ECO "A22"]
[NIC "EO.10"]
[Time "13:16:12"]
[TimeControl "2400+10"]

1. c4 e5 2. Nc3 Nf6 3. d3 c6 4. g3 d5 5. cxd5 cxd5 6. Bg2 Bb4 7. Bd2 d4 8.
Qa4+ Bd7 9. Qxb4 dxc3 10. Bxc3 Nc6 11. Qxb7 Rc8 12. Nf3 O-O 13. Nxe5 Nxe5
14. Bxe5 Qa5+ 15. b4 Qxe5 16. O-O Qxe2 17. Qxa7 Qxd3 18. Rfd1 Qb5 19. a4
Qxb4 20. Rxd7 Nxd7 21. Qxd7 Rcd8 22. Qb5 Qd4 23. Ra2 Rb8 24. Qf1 Rfd8 25. h4
Qg4 26. Ra1 Rd6 27. Kh2 Rbd8 28. Qb5 h6 29. a5 Rd1 30. Rxd1 Rxd1 31. Qe8+
Kh7 32. Be4+ f5 33. Bg2 Rd2 34. Qe3 Re2 35. Qc5 f4 36. gxf4 Qxh4+ 37. Kg1
Re1+ 38. Bf1 Qg4+ 39. Kh2 Qxf4+ 40. Kg2 Qg4+ 41. Kh2 Rxf1 42. Qc2+ Qg6 43.
Qxg6+ Kxg6 44. Kg2 Ra1 45. Kg3 Rxa5 46. f4 Ra3+ 47. Kg4 h5+ 48. Kh4 Kf5 49.
Kxh5 Rh3# {White checkmated} 0-1

[Event "ICC tourney 2666 (40 10)"]
[Site "Internet Chess Club"]
[Date "2021.09.11"]
[Round "2"]
[White "Kale, Shubham:shubham07"]
[Black "Wang, Mengxuan:TheCoolGuy1117"]
[Result "1-0"]
[ICCResult "Black resigns"]
[WhiteElo "1196"]
[BlackElo "808"]
[Opening "English: Mikenas-Carls variation"]
[ECO "A18"]
[NIC "EO.64"]
[Time "13:15:35"]
[TimeControl "2400+10"]

1. c4 Nf6 2. Nc3 e6 3. e4 d6 4. g3 c5 5. Bg2 Nc6 6. a3 Bd7 7. Nge2 g6 8. O-O
Bg7 9. Rb1 O-O 10. h3 h6 11. Kh2 Kh7 12. d3 a6 13. f4 h5 14. b4 cxb4 15.
axb4 Rh8 16. Be3 Ne7 17. b5 d5 18. e5 Ne8 19. Na4 Nf5 20. Bf2 Nc7 21. b6 Ne8
22. cxd5 exd5 23. Bxd5 Bxa4 24. Qxa4 Qxd5 25. Qc4 Qxc4 26. dxc4 Rc8 27. c5
Bf8 28. Rbc1 Rc6 29. Rfd1 Re6 30. Rd7 Re7 31. Rcd1 Neg7 32. Rxe7 Bxe7 33.
Rd7 Rb8 34. g4 hxg4 35. hxg4 Nh6 36. Rxe7 Nxg4+ 37. Kg3 Nxf2 38. Kxf2 Kg8
39. Ng3 Ne6 40. Ne4 Kf8 41. Rd7 Ke8 42. Nf6+ Kf8 43. Nh7+ Kg7 44. Ng5 Nxg5
45. fxg5 Kf8 46. Ke3 a5 47. Kd3 Ke8 48. Rd5 Ke7 49. Rd6 a4 50. Kc4 Rc8 51.
Kb4 a3 52. Rd3 a2 53. Ra3 Ke6 54. Rxa2 Kxe5 55. Rf2 Ke6 56. Rf6+ Ke7 57. Kb5
Rb8 58. c6 bxc6+ 59. Rxc6 Rd8 60. Ka6 Ra8+ 61. Kb7 Ra5 62. Kc7 Rxg5 63. b7
Rb5 64. b8=Q Rxb8 65. Kxb8 g5 66. Kb7 f6 67. Kb6 Kf7 68. Kb5 Kg6 69. Kc4 Kf5
70. Kd3 g4 71. Ke3 Kg5 72. Kf2 f5 73. Rc5 Kf4 74. Rc4+ Kg5 75. Kg3 Kf6 76.
Kf4 Kg6 77. Rc6+ Kh5 78. Kxf5 g3 79. Rc4 {Black resigns} 1-0

[Event "ICC tourney 2666 (40 10)"]
[Site "Internet Chess Club"]
[Date "2021.09.11"]
[Round "2"]
[White "MAHN, TYLER:TylerMahn"]
[Black "Zhan, Jayden Zihan:Viperchess001"]
[Result "0-1"]
[ICCResult "White forfeits on time"]
[WhiteElo "1338"]
[BlackElo "1043"]
[Opening "French: Tarrasch, closed variation, main line"]
[ECO "C06"]
[NIC "FR.17"]
[Time "13:15:43"]
[TimeControl "2400+10"]

1. e4 e6 2. d4 d5 3. Nd2 Nf6 4. e5 Nfd7 5. Bd3 c5 6. c3 Nc6 7. Ne2 cxd4 8.
cxd4 f6 9. exf6 Nxf6 10. O-O Bd6 11. Nf3 O-O 12. Rb1 Nb4 13. a3 Nxd3 14.
Qxd3 Bd7 15. Bf4 Bxf4 16. Nxf4 Ne4 17. Ne2 a6 18. Qe3 Qf6 19. Nc3 Nxc3 20.
bxc3 Bb5 21. Rfe1 Rae8 22. Ne5 Qe7 23. Ra1 Bc6 24. Qg3 Qf6 25. Re3 Qe7 26.
h4 Rf5 27. Qg4 Ref8 28. Rf3 Rxf3 29. Nxf3 Rf6 30. Ne5 Qd8 31. Qg5 Qf8 32. f3
Rf5 33. Qe3 Rf6 34. Ng4 Rf7 35. Qxe6 Kh8 36. Ne5 Re7 37. Qg4 Be8 38. h5 Qf6
39. Rb1 Qd6 40. Qf4 Kg8 41. g4 Rf7 42. Qe3 Re7 43. Qc1 Bb5 44. g5 Qc7 45. h6
g6 46. Qb2 Re8 47. Qb3 Qd6 48. Ng4 Qg3+ 49. Kh1 Qh4+ {White forfeits on
time} 0-1

[Event "ICC tourney 2666 (40 10)"]
[Site "Internet Chess Club"]
[Date "2021.09.11"]
[Round "2"]
[White "ZHOU, ALEXANDER ZHENG:Lailaiking"]
[Black "AI, RUOMING:charmingraven"]
[Result "0-1"]
[ICCResult "White checkmated"]
[WhiteElo "905"]
[BlackElo "1034"]
[Opening "Giuoco Pianissimo: Canal variation"]
[ECO "C50"]
[NIC "IG.02"]
[Time "13:16:27"]
[TimeControl "2400+10"]

1. e4 e5 2. Nf3 Nc6 3. Bc4 Bc5 4. d3 Nf6 5. Nc3 d6 6. Bg5 h6 7. Bh4 g5 8.
Bg3 Bg4 9. h3 Bh5 10. Bh2 Nd4 11. g4 Bg6 12. Nd5 O-O 13. c3 Ne6 14. Bg3 c6
15. Ne3 d5 16. exd5 cxd5 17. Bb3 e4 18. Ne5 Bh7 19. d4 Bb6 20. h4 Nc7 21.
hxg5 hxg5 22. Qe2 Nfe8 23. Qf1 f6 24. Qh3 Qe7 25. Bxd5+ Nxd5 26. Nxd5 Qg7
27. Nc4 Bd8 28. Kd2 Qd7 29. Qh6 Rf7 30. Nde3 Rg7 31. Rh2 b5 32. Na3 Ba5 33.
b4 Bxb4 34. Nac2 Ba5 35. Rah1 Qc6 36. Nb4 Qd7 37. Nbd5 Rc8 38. Rc1 Qe6 39.
Qh3 Rd8 40. Rg2 Nc7 41. Bxc7 Bxc7 42. Nxc7 Rxc7 43. Rc2 Qa6 44. Qg3 Rcc8 45.
Rg1 Qa5 46. Rb1 Rxd4+ 47. Ke2 Rxc3 48. Qb8+ Kg7 49. Rxc3 Qxc3 50. Qb7+ Kg6
51. Qxb5 Rd2+ 52. Ke1 Rb2+ 53. Kf1 Rxb5 54. Rxb5 Qd3+ 55. Kg2 Qxb5 56. Kg3
Qb2 57. a4 Qb4 58. Nd5 Qxa4 59. Ne7+ Kf7 60. Nd5 Qb3+ 61. Ne3 a5 62. Kg2 a4
63. Nf5 a3 64. Nd6+ Kf8 65. Nxe4 a2 66. Nd6 a1=Q 67. Nf5 Bxf5 68. gxf5 Qe5
69. f4 Qe2+ 70. Kg1 Qb1# {White checkmated} 0-1

[Event "ICC tourney 2666 (40 10)"]
[Site "Internet Chess Club"]
[Date "2021.09.11"]
[Round "3"]
[White "LABELLE, MATTHEW NICHOLAS:LaBelleM"]
[Black "Goteti, Ishan:Aurex"]
[Result "1-0"]
[ICCResult "Black checkmated"]
[WhiteElo "1126"]
[BlackElo "834"]
[Opening "Scotch gambit"]
[ECO "C44"]
[NIC "SO.06"]
[Time "15:30:31"]
[TimeControl "2400+10"]

1. e4 e5 2. Nf3 Nc6 3. d4 exd4 4. Bc4 h6 5. Nxd4 Nxd4 6. Qxd4 Nf6 7. O-O Be7
8. e5 c5 9. Qh4 Nd5 10. Qe4 Nc7 11. Rd1 O-O 12. Bd3 d5 13. Qh7#
{Black checkmated}
1-0

[Event "ICC tourney 2666 (40 10)"]
[Site "Internet Chess Club"]
[Date "2021.09.11"]
[Round "3"]
[White "Pham, Tyler:TylerPham"]
[Black "JEEJU, ANIRUDH SAI:anirudhsai"]
[Result "0-1"]
[ICCResult "White checkmated"]
[WhiteElo "880"]
[BlackElo "637"]
[Opening "Ruy Lopez: 5.O-O"]
[ECO "C78"]
[NIC "RL.07"]
[Time "15:31:22"]
[TimeControl "2400+10"]

1. e4 e5 2. Nf3 Nc6 3. Bb5 Nf6 4. O-O a6 5. Ba4 b5 6. Bb3 Bc5 7. Nc3 O-O 8.
Re1 d6 9. d3 Bg4 10. h3 Bh5 11. a4 bxa4 12. Rxa4 h6 13. Be3 Nh7 14. Bxc5
dxc5 15. Nd5 Nd4 16. Nxd4 Bxd1 17. Rxd1 exd4 18. Ra5 c6 19. Nf4 Qxa5 20. Ng6
c4 21. dxc4 fxg6 22. Rxd4 Qe1+ 23. Kh2 Qxf2 24. e5 Qxd4 25. e6 Qe5+ 26. Kh1
Rf1# {White checkmated} 0-1

[Event "ICC tourney 2666 (40 10)"]
[Site "Internet Chess Club"]
[Date "2021.09.11"]
[Round "3"]
[White "BUELTMANN-PROK, LENNY:lbueltmannprok"]
[Black "WILSON, DARRYL J:Combo4U2"]
[Result "1-0"]
[ICCResult "Black checkmated"]
[WhiteElo "630"]
[BlackElo "1358"]
[Opening "French defense"]
[ECO "C01"]
[NIC "FR.01"]
[Time "15:31:25"]
[TimeControl "2400+10"]

1. e4 e6 2. d4 Ne7 3. Nc3 Ng6 4. Nf3 Be7 5. Bd3 f6 6. e5 f5 7. Be3 O-O 8.
Qd2 f4 9. Bxg6 fxe3 10. Bxh7+ Kxh7 11. Qxe3 d6 12. h4 Nc6 13. Ng5+ Bxg5 14.
hxg5+ Kg8 15. Qh3 Qxg5 16. Qh7+ Kf7 17. Rh3 dxe5 18. Rg3 Qh6 19. Rf3+ Ke8
20. Qe4 Rxf3 21. gxf3 Qh1+ 22. Kd2 Qxa1 23. Nb5 Kd7 24. dxe5 Qxb2 25. Qd3+
Ke7 26. Nxc7 Qb4+ 27. Ke2 Rb8 28. Qg6 Nd4+ 29. Kd3 Nf5 30. Qe8#
{Black checkmated}
1-0

[Event "ICC tourney 2666 (40 10)"]
[Site "Internet Chess Club"]
[Date "2021.09.11"]
[Round "3"]
[White "SANGAL LOPEZ, DEV:devsl"]
[Black "GUERRERIO, CHRISTOPHER:K09-16206065"]
[Result "0-1"]
[ICCResult "White checkmated"]
[WhiteElo "714"]
[BlackElo "1103"]
[Opening "QGD semi-Slav: 5...Nd7"]
[ECO "D45"]
[NIC "SL.08"]
[Time "15:31:25"]
[TimeControl "2400+10"]

1. d4 d5 2. c4 c6 3. Nc3 Nf6 4. Nf3 e6 5. e3 Nbd7 6. c5 b6 7. b4 Be7 8. a3
O-O 9. Bd3 Bb7 10. O-O Qc7 11. e4 dxe4 12. Nxe4 Nxe4 13. Bxe4 e5 14. Nxe5
Nxe5 15. dxe5 Qxe5 16. Be3 Qxe4 17. cxb6 axb6 18. Qf3 Qxf3 19. gxf3 c5 20.
bxc5 bxc5 21. Rad1 Bxf3 22. Rd7 Rfe8 23. Rd3 Be2 24. Rc3 Bxf1 25. Kxf1 h6
26. Ke2 c4 27. Rxc4 Rxa3 28. Rc2 Bg5 29. Kf1 Bxe3 30. Re2 Re6 31. f3 Rf6 32.
Kg2 Bb6 33. Re8+ Kh7 34. Rb8 Ra5 35. Rc8 Rg5+ 36. Kh1 Rxf3 37. Rc1 Rf4 38.
h3 Rh4 39. Kh2 Rgh5 40. Rc3 Rd5 41. Rc2 Rd7 42. Rc3 Bc7+ 43. Kg2 Rd2+ 44.
Kf1 Rf4+ 45. Ke1 Ba5 46. Kxd2 Bxc3+ 47. Kxc3 Rf3+ 48. Kd2 Rxh3 49. Ke2 f5
50. Kf2 g5 51. Kg2 g4 52. Kg1 h5 53. Kg2 Kg6 54. Kg1 Kg5 55. Kg2 Rf3 56. Kg1
Kh4 57. Kg2 f4 58. Kg1 Kg3 59. Kh1 Rf1# {White checkmated} 0-1

[Event "ICC tourney 2666 (40 10)"]
[Site "Internet Chess Club"]
[Date "2021.09.11"]
[Round "3"]
[White "Singh, Saharsh:saharshsingh02"]
[Black "MAHN, TYLER:TylerMahn"]
[Result "0-1"]
[ICCResult "White resigns"]
[WhiteElo "896"]
[BlackElo "1338"]
[Opening "QGA: 3.e4"]
[ECO "D20"]
[NIC "QG.04"]
[Time "15:30:31"]
[TimeControl "2400+10"]

1. d4 d5 2. c4 dxc4 3. e4 e5 4. Nf3 exd4 5. Nxd4 Nf6 6. Nc3 c5 7. Nf5 Qxd1+
8. Kxd1 b5 9. Nxb5 Nxe4 10. Nc7+ Kd8 11. Bf4 Nxf2+ 12. Kc2 Bxf5+ 13. Kc3
Nxh1 14. Bxc4 Nf2 15. Bxf7 Ne4+ 16. Kb3 Bd6 17. Rd1 Kxc7 18. Bxd6+ Nxd6 19.
Bd5 Nc6 20. Bxc6 Kxc6 {White resigns} 0-1

[Event "ICC tourney 2666 (40 10)"]
[Site "Internet Chess Club"]
[Date "2021.09.11"]
[Round "3"]
[White "CHOPRA, ADITTYA:AdittyaC"]
[Black "GUAN, MARIE:marieplaychess"]
[Result "1/2-1/2"]
[ICCResult "Game drawn by repetition"]
[WhiteElo "1080"]
[BlackElo "748"]
[Opening "French: Tarrasch, open variation"]
[ECO "C07"]
[NIC "FR.18"]
[Time "15:31:25"]
[TimeControl "2400+10"]

1. e4 e6 2. d4 d5 3. Nd2 c5 4. c3 Nc6 5. Bb5 Qb6 6. Ba4 Ne7 7. exd5 Nxd5 8.
Nb3 cxd4 9. Nxd4 Bd7 10. Ngf3 Bc5 11. Bxc6 Bxc6 12. O-O O-O 13. Nxc6 Qxc6
14. Qc2 Bb6 15. Bd2 Nb4 16. Qb3 Nd3 17. Qc2 Nb4 18. Qb3 Nd3 19. Qc2 Nb4 20.
Qb3 Nd3 21. Qc2 {Game drawn by repetition} 1/2-1/2

[Event "ICC tourney 2666 (40 10)"]
[Site "Internet Chess Club"]
[Date "2021.09.11"]
[Round "3"]
[White "CAO, DANIEL:danielcao"]
[Black "KOGAN, NIKITA:K09-17190210"]
[Result "1-0"]
[ICCResult "Black checkmated"]
[WhiteElo "1276"]
[BlackElo "1173"]
[Opening "Two knights defense"]
[ECO "C58"]
[NIC "KP.01"]
[Time "15:30:32"]
[TimeControl "2400+10"]

1. e4 e5 2. Nf3 Nc6 3. Bc4 Nf6 4. Ng5 d5 5. exd5 Na5 6. Bb5+ c6 7. dxc6 bxc6
8. Bd3 h6 9. Ne4 Be7 10. O-O O-O 11. Nbc3 c5 12. b3 Bb7 13. Bb2 Nxe4 14.
Nxe4 f5 15. Ng3 e4 16. Be2 f4 17. Nh5 f3 18. gxf3 exf3 19. Bd3 Qd7 20. Kh1
Qh3 21. Rg1 g5 22. Ng3 Bd6 23. Bf1 Qh4 24. Bd3 Bxg3 25. Rxg3 Rf4 26. Qe1 Rg4
27. Qe6+ Kf8 28. Rxg4 Qxf2 29. Qf6+ Ke8 30. Bg6+ Kd7 31. Qf7+ Kc6 32. Qe6+
Kc7 33. Be5+ Kd8 34. Qd6+ Kc8 35. Bf5# {Black checkmated} 1-0

[Event "ICC tourney 2666 (40 10)"]
[Site "Internet Chess Club"]
[Date "2021.09.11"]
[Round "3"]
[White "Wang, Mengxuan:TheCoolGuy1117"]
[Black "GENG, KENNETH:kennethsf"]
[Result "1-0"]
[ICCResult "Black checkmated"]
[WhiteElo "808"]
[BlackElo "1250"]
[Opening "Sicilian: dragon, 6.Be3"]
[ECO "B72"]
[NIC "SI.15"]
[Time "15:30:34"]
[TimeControl "2400+10"]

1. e4 c5 2. Nf3 d6 3. d4 cxd4 4. Nxd4 Nf6 5. Nc3 g6 6. Be3 Ng4 7. Bb5+ Bd7
8. Qxg4 Nc6 9. Qe2 Bg7 10. Nxc6 bxc6 11. Bc4 Bxc3+ 12. bxc3 Qa5 13. Qd2 O-O
14. Bh6 Rfd8 15. O-O Qc5 16. Bb3 e6 17. Rfd1 Be8 18. Bg5 Rd7 19. Bf6 Qh5 20.
Qf4 e5 21. Qg3 Rb8 22. f4 exf4 23. Qxf4 Qc5+ 24. Kh1 Qh5 25. g4 Qh3 26. Rd3
Qxd3 27. cxd3 g5 28. Qxg5+ Kf8 29. Qg7# {Black checkmated} 1-0

[Event "ICC tourney 2666 (40 10)"]
[Site "Internet Chess Club"]
[Date "2021.09.11"]
[Round "3"]
[White "ESEKHILE, KEZIAH:BXMSKez"]
[Black "BERKSON, LEO:LeoBerkson"]
[Result "0-1"]
[ICCResult "White checkmated"]
[WhiteElo "586"]
[BlackElo "712"]
[Opening "Giuoco Piano: four knights variation"]
[ECO "C55"]
[NIC "IG.01"]
[Time "15:30:38"]
[TimeControl "2400+10"]

1. e4 e5 2. Nf3 Nc6 3. Bc4 Nf6 4. Nc3 Bc5 5. O-O O-O 6. h3 d6 7. d3 h6 8. b3
Nd4 9. Bb2 c6 10. Na4 b5 11. Nxd4 Bxd4 12. Nc3 Bxc3 13. Bxf7+ Rxf7 14. Bxc3
Nh7 15. Qe2 Ng5 16. g3 Bxh3 17. Rfe1 Nf3+ 18. Kh1 Qg5 19. Rad1 Qh5 20. Qxf3
Qxf3+ 21. Kg1 Qg2# {White checkmated} 0-1